| TOP OF THE 1ST |
|
Dayton Dragons batting - Pitching for Wisconsin Timber Rattlers : RHP Mark Hincks
|
|
Pitching: RHP Mark Hincks
|
|
|
Batting: LHB Nick Nino
|
0-0: Ball 1-0: Ball 2-0: Ground out 6-3 (Groundball, 6MS, EV 81.9 MPH)
|
|
Batting: LHB Leo Gomez
|
0-0: Called Strike 0-1: Swinging Strike 0-2: Ground out U3 (Groundball, 3, EV 80.6 MPH)
|
|
Batting: SHB Kristian Kristensen
|
0-0: Called Strike 0-1: Foul Ball, location: 2F 0-2: SINGLE (Groundball, 6D, EV 98.8 MPH)
|
|
Batting: LHB Chris Grunwald
|
0-0: Ball 1-0: Swinging Strike 1-1: Ball 2-1: Called Strike 2-2: DOUBLE (Line Drive, 89XD, EV 106.9 MPH) Kristian Kristensen to third
|
|
Batting: RHB John Galluzzo
|
0-0: Called Strike 0-1: Ball 1-1: Ball 2-1: Foul Ball, location: 2F 2-2: Foul Ball, location: 2F 2-2: SINGLE (Groundball, 6D, EV 94.4 MPH) Kristian Kristensen scores Chris Grunwald to third Runner from 3rd tries for Home, throw by CF and OUT! 8-2
|
| Top of the 1st over - 1 run, 3 hits, 0 errors, 1 left on base; Dayton 1 - Wisconsin 0 |
| BOTTOM OF THE 1ST |
|
Wisconsin Timber Rattlers batting - Pitching for Dayton Dragons : RHP Justin Ezzell
|
|
Pitching: RHP Justin Ezzell
|
|
|
Batting: RHB Joe LaDue
|
0-0: Ball 1-0: Ball 2-0: SINGLE (Line Drive, 6D, EV 102.5 MPH)
|
|
Batting: RHB Nick Garland
|
0-0: Fly out, F8 (Flyball, 8LXD, EV 94.4 MPH)
|
|
Batting: SHB Mitchell Greene
|
0-0: Ball 1-0: Ball 2-0: SINGLE (Groundball, 34S, EV 64.4 MPH) (infield hit) Joe LaDue to second
|
|
Batting: RHB Jeff Cornett
|
0-0: Ball 1-0: Swinging Strike 1-1: Ball 2-1: Foul Ball, location: 2F 2-2: Foul Ball, location: 2F 2-2: Ball 3-2: Strikes out swinging
|
|
Batting: RHB Eddie McCoy
|
0-0: Swinging Strike 0-1: Ground out 4-3 (Groundball, 4, EV 82.5 MPH)
|
| Bottom of the 1st over - 0 runs, 2 hits, 0 errors, 2 left on base; Dayton 1 - Wisconsin 0 |
| TOP OF THE 2ND |
|
Dayton Dragons batting - Pitching for Wisconsin Timber Rattlers : RHP Mark Hincks
|
|
Batting: RHB Bruno André
|
0-0: Called Strike 0-1: Called Strike 0-2: Ball 1-2: Foul Ball, location: 2F 1-2: Ball 2-2: SOLO HOME RUN (Flyball, 7D, EV 95.6 MPH), Distance : 369 ft
|
|
Batting: RHB Ben Hinman
|
0-0: Foul Ball, location: 2F 0-1: Foul Ball, location: 2F 0-2: Ball 1-2: Fly out, F9 (Flyball, 89M, EV 79.4 MPH)
|
|
Batting: RHB Pat Grover
|
0-0: Ball 1-0: Fly out, F7 (Flyball, 78S, EV 74.4 MPH)
|
|
Batting: RHB Jonathan Davis
|
0-0: Ball 1-0: Ball 2-0: Foul Ball, location: 2F 2-1: Ground out 6-3 (Groundball, 6M, EV 88.1 MPH)
|
| Top of the 2nd over - 1 run, 1 hit, 0 errors, 0 left on base; Dayton 2 - Wisconsin 0 |
| BOTTOM OF THE 2ND |
|
Wisconsin Timber Rattlers batting - Pitching for Dayton Dragons : RHP Justin Ezzell
|
|
Batting: RHB Gene Sutton
|
0-0: Foul Ball, location: 2F 0-1: Foul Ball, location: 2F 0-2: Foul Ball, location: 2F 0-2: Strikes out swinging passed ball, reaches first!
|
|
Batting: RHB Bryant Thies
|
0-0: Ball 1-0: Fielders Choice at 2nd, 6-4 (Groundball, 6S, EV 80.6 MPH)
|
|
Batting: RHB Tyler Badillo
|
0-0: Ball 1-0: Called Strike Bryant Thies steals 2nd base 1-1: Ball 2-1: Swinging Strike 2-2: Fly out, F7 (Flyball, 8LS, EV 98.1 MPH)
|
|
Batting: RHB Derek Halliwill
|
0-0: Foul Ball, location: 2F 0-1: Called Strike 0-2: Strikes out looking
|
| Bottom of the 2nd over - 0 runs, 0 hits, 0 errors, 1 left on base; Dayton 2 - Wisconsin 0 |
| TOP OF THE 3RD |
|
Dayton Dragons batting - Pitching for Wisconsin Timber Rattlers : RHP Mark Hincks
|
|
Batting: LHB Nick Nino
|
0-0: Ground out 5-3 (Groundball, 5S, EV 74.4 MPH)
|
|
Batting: LHB Leo Gomez
|
0-0: Swinging Strike 0-1: Ball 1-1: Fly out, F9 (Flyball, 9, EV 85.6 MPH)
|
|
Batting: SHB Kristian Kristensen
|
0-0: Ball 1-0: Swinging Strike 1-1: Foul Ball, location: 2F 1-2: Foul Ball, location: 2F 1-2: Ball 2-2: Foul Ball, location: 2F 2-2: SINGLE (Groundball, 6MD, EV 105.6 MPH)
|
|
Batting: LHB Chris Grunwald
|
0-0: Called Strike 0-1: Ground out 4-3 (Groundball, 4, EV 92.5 MPH)
|
| Top of the 3rd over - 0 runs, 1 hit, 0 errors, 1 left on base; Dayton 2 - Wisconsin 0 |
| BOTTOM OF THE 3RD |
|
Wisconsin Timber Rattlers batting - Pitching for Dayton Dragons : RHP Justin Ezzell
|
|
Batting: RHB Joe LaDue
|
0-0: Foul Ball, location: 2F 0-1: Ground out 4-3 (Groundball, 4, EV 100.0 MPH)
|
|
Batting: RHB Nick Garland
|
0-0: Ball 1-0: Called Strike 1-1: Swinging Strike 1-2: Ball 2-2: Foul Ball, location: 2F 2-2: Ball 3-2: Ground out 6-3 (Groundball, 6, EV 105.0 MPH)
|
|
Batting: SHB Mitchell Greene
|
0-0: Ball 1-0: SINGLE (Line Drive, 4M, EV 93.8 MPH)
|
|
Batting: RHB Jeff Cornett
|
0-0: Ball 1-0: Swinging Strike 1-1: Ball Mitchell Greene steals 2nd base 2-1: Swinging Strike 2-2: Foul Ball, location: 2F 2-2: Ball 3-2: Foul Ball, location: 2F 3-2: Foul Ball, location: 2F 3-2: Foul Ball, location: 2F 3-2: Foul Ball, location: 2F 3-2: 2-RUN HOME RUN (Line Drive, 7LD, EV 93.1 MPH), Distance : 357 ft
|
|
Batting: RHB Eddie McCoy
|
0-0: Called Strike 0-1: Ball 1-1: Ball 2-1: Called Strike 2-2: Foul Ball, location: 2F 2-2: Foul Ball, location: 2F 2-2: Strikes out looking
|
| Bottom of the 3rd over - 2 runs, 2 hits, 0 errors, 0 left on base; Dayton 2 - Wisconsin 2 |
| TOP OF THE 4TH |
|
Dayton Dragons batting - Pitching for Wisconsin Timber Rattlers : RHP Mark Hincks
|
|
Batting: RHB John Galluzzo
|
0-0: Called Strike 0-1: Ball 1-1: Foul Ball, location: 2F 1-2: Ball 2-2: Foul Ball, location: 2F 2-2: Foul Ball, location: 2F 2-2: Strikes out swinging
|
|
Batting: RHB Bruno André
|
0-0: Ball 1-0: Foul Ball, location: 2F 1-1: SINGLE (Groundball, 56, EV 105.0 MPH)
|
|
Batting: RHB Ben Hinman
|
0-0: Ball Bruno André steals 2nd base 1-0: Foul Ball, location: 2F 1-1: Ground out 6-3 (Groundball, 6, EV 86.3 MPH) Bruno André to third
|
|
Batting: RHB Pat Grover
|
0-0: Ball 1-0: Fly out, F4 (Line Drive, 4, EV 69.4 MPH)
|
| Top of the 4th over - 0 runs, 1 hit, 0 errors, 1 left on base; Dayton 2 - Wisconsin 2 |
| BOTTOM OF THE 4TH |
|
Wisconsin Timber Rattlers batting - Pitching for Dayton Dragons : RHP Justin Ezzell
|
|
Batting: LHB Andy Sanchez
|
0-0: DOUBLE (Flyball, 89XD, EV 105.6 MPH)
|
|
Batting: RHB Bryant Thies
|
0-0: Foul Ball, location: 2F 0-1: Called Strike 0-2: Ball 1-2: Ground out 4-3 (Groundball, 4, EV 81.9 MPH) Andy Sanchez to third
|
|
Batting: RHB Tyler Badillo
|
0-0: Foul Ball, location: 2F 0-1: Swinging Strike 0-2: Ball 1-2: SINGLE (Line Drive, 9, EV 98.8 MPH) Andy Sanchez scores
|
|
Batting: RHB Derek Halliwill
|
0-0: Foul Ball, location: 2F 0-1: Ball 1-1: Called Strike 1-2: Foul Ball, location: 2F 1-2: Ball 2-2: Fly out, F9 (Flyball, 9S, EV 86.9 MPH)
|
|
Batting: RHB Joe LaDue
|
0-0: Swinging Strike 0-1: Called Strike 0-2: Strikes out swinging
|
| Bottom of the 4th over - 1 run, 2 hits, 0 errors, 1 left on base; Dayton 2 - Wisconsin 3 |
| TOP OF THE 5TH |
|
Dayton Dragons batting - Pitching for Wisconsin Timber Rattlers : RHP Mark Hincks
|
|
Batting: RHB Jonathan Davis
|
0-0: Called Strike 0-1: Called Strike 0-2: Strikes out swinging
|
|
Batting: LHB Nick Nino
|
0-0: Ball 1-0: Foul Ball, location: 2F 1-1: Ball 2-1: Ball 3-1: Foul Ball, location: 2F 3-2: Fly out, F4 (Line Drive, 4, EV 63.1 MPH)
|
|
Batting: LHB Leo Gomez
|
0-0: Fly out, F4 (Flyball, 4MD, EV 90.0 MPH)
|
| Top of the 5th over - 0 runs, 0 hits, 0 errors, 0 left on base; Dayton 2 - Wisconsin 3 |
| BOTTOM OF THE 5TH |
|
Wisconsin Timber Rattlers batting - Pitching for Dayton Dragons : RHP Justin Ezzell
|
|
Batting: RHB Nick Garland
|
0-0: Called Strike 0-1: Swinging Strike 0-2: Ground out U3 (Groundball, 3S, EV 80.0 MPH)
|
|
Batting: SHB Mitchell Greene
|
0-0: Ball 1-0: Ball 2-0: Swinging Strike 2-1: Ball 3-1: Called Strike 3-2: Fly out, F7 (Flyball, 8LS, EV 91.3 MPH)
|
|
Batting: RHB Jeff Cornett
|
0-0: Foul Ball, location: 2F 0-1: Foul Ball, location: 2F 0-2: Ball 1-2: Ball 2-2: SINGLE (Flyball, 3D, EV 82.5 MPH)
|
|
Batting: RHB Eddie McCoy
|
0-0: Swinging Strike 0-1: Swinging Strike 0-2: Foul Ball, location: 2F 0-2: Strikes out swinging
|
| Bottom of the 5th over - 0 runs, 1 hit, 0 errors, 1 left on base; Dayton 2 - Wisconsin 3 |
| TOP OF THE 6TH |
|
Dayton Dragons batting - Pitching for Wisconsin Timber Rattlers : RHP Mark Hincks
|
|
Batting: SHB Kristian Kristensen
|
0-0: Ball 1-0: Foul Ball, location: 2F 1-1: Foul Ball, location: 2F 1-2: SINGLE (Line Drive, 6M, EV 103.1 MPH)
|
|
Batting: LHB Chris Grunwald
|
0-0: Ball 1-0: Called Strike 1-1: Ball 2-1: Called Strike 2-2: Ball 3-2: Base on Balls Kristian Kristensen to second
|
|
Pitching: RHP Brian Harper
|
|
|
Batting: RHB John Galluzzo
|
0-0: Ball 1-0: Fly out, F8 (Flyball, 8LXD, EV 100.0 MPH) Runner from 2nd tags up, SAFE at 3rd, no throw by CF
|
|
Batting: RHB Bruno André
|
0-0: Called Strike 0-1: Fly out, F3 (Popup, 3SF, EV 81.9 MPH)
|
|
Pinch Hitting: LHB Matt Kennedy
|
0-0: Called Strike 0-1: Ball 1-1: Called Strike 1-2: Strikes out swinging
|
| Top of the 6th over - 0 runs, 1 hit, 0 errors, 2 left on base; Dayton 2 - Wisconsin 3 |
| BOTTOM OF THE 6TH |
|
Wisconsin Timber Rattlers batting - Pitching for Dayton Dragons : RHP Justin Ezzell
|
|
Now at 1B: Tim Walter
|
|
|
Batting: LHB Andy Sanchez
|
0-0: Called Strike 0-1: Hit by Pitch
|
|
Batting: RHB Bryant Thies
|
0-0: Ball 1-0: Ball 2-0: Ball 3-0: Called Strike 3-1: SINGLE (Groundball, 56D, EV 101.9 MPH) Andy Sanchez to second
|
|
Pitching: LHP Tim Ketcham
|
|
|
Pinch Runner at 2nd Dave Bateman:
|
|
|
Batting: RHB Tyler Badillo
|
0-0: Swinging Strike 0-1: Foul Ball, location: 2F 0-2: Strikes out looking
|
|
Batting: RHB Derek Halliwill
|
0-0: Ball 1-0: Called Strike 1-1: Called Strike 1-2: Ball 2-2: Strikes out swinging
|
|
Batting: RHB Joe LaDue
|
0-0: Ball Dave Bateman steals 3rd base 1-0: Called Strike 1-1: Ball 2-1: Ball 3-1: Fielders Choice at 2nd, 6-4 (Groundball, 6MD, EV 77.5 MPH)
|
| Bottom of the 6th over - 0 runs, 1 hit, 0 errors, 2 left on base; Dayton 2 - Wisconsin 3 |
| TOP OF THE 7TH |
|
Dayton Dragons batting - Pitching for Wisconsin Timber Rattlers : RHP Brian Harper
|
|
Batting: RHB Pat Grover
|
0-0: Ball 1-0: Called Strike 1-1: Fly out, F7 (Line Drive, 7S, EV 104.4 MPH)
|
|
Batting: RHB Jonathan Davis
|
0-0: Swinging Strike 0-1: Foul Ball, location: 2F 0-2: Ground out 2-3 (Groundball, 2L, EV 65.6 MPH)
|
|
Batting: LHB Nick Nino
|
0-0: Foul Ball, location: 2F 0-1: Ball 1-1: Called Strike 1-2: Foul Ball, location: 2F 1-2: Foul Ball, location: 2F 1-2: Fly out, F6 (Popup, 6MS, EV 80.6 MPH)
|
| Top of the 7th over - 0 runs, 0 hits, 0 errors, 0 left on base; Dayton 2 - Wisconsin 3 |
| BOTTOM OF THE 7TH |
|
Wisconsin Timber Rattlers batting - Pitching for Dayton Dragons : LHP Tim Ketcham
|
|
Batting: RHB Nick Garland
|
0-0: Ground out 6-3 (Groundball, 6MS, EV 81.9 MPH)
|
|
Batting: SHB Mitchell Greene
|
0-0: Ball 1-0: Ball 2-0: Ball 3-0: Called Strike 3-1: Fly out, F4 (Popup, 34S, EV 75.6 MPH)
|
|
Batting: RHB Jeff Cornett
|
0-0: Called Strike 0-1: Called Strike 0-2: Ball 1-2: Ball 2-2: Strikes out swinging
|
| Bottom of the 7th over - 0 runs, 0 hits, 0 errors, 0 left on base; Dayton 2 - Wisconsin 3 |
| TOP OF THE 8TH |
|
Dayton Dragons batting - Pitching for Wisconsin Timber Rattlers : RHP Brian Harper
|
|
Batting: LHB Leo Gomez
|
0-0: Ball 1-0: Fly out, F9 (Flyball, 9, EV 93.1 MPH)
|
|
Batting: SHB Kristian Kristensen
|
0-0: Foul Ball, location: 2F 0-1: Ball 1-1: Ball 2-1: Foul Ball, location: 2F 2-2: Ball 3-2: Foul Ball, location: 2F 3-2: Base on Balls
|
|
Pitching: LHP Tom Barone
|
|
|
Batting: LHB Chris Grunwald
|
0-0: Ball 1-0: Foul Ball, location: 2F 1-1: SINGLE (Line Drive, 8RS, EV 89.4 MPH) Kristian Kristensen to second
|
|
Pitching: RHP Jason Ukena
|
|
|
Batting: RHB John Galluzzo
|
0-0: Ball 1-0: Ball 2-0: Called Strike 2-1: Foul Ball, location: 2F 2-2: Ball 3-2: Base on Balls Kristian Kristensen to third Chris Grunwald to second
|
|
Batting: RHB Bruno André
|
0-0: Ball 1-0: Called Strike 1-1: Swinging Strike 1-2: Strikes out swinging
|
|
Pinch Hitting: LHB Andrew Hamm
|
0-0: Foul Ball, location: 2F 0-1: Swinging Strike 0-2: Strikes out looking
|
| Top of the 8th over - 0 runs, 1 hit, 0 errors, 3 left on base; Dayton 2 - Wisconsin 3 |
| BOTTOM OF THE 8TH |
|
Wisconsin Timber Rattlers batting - Pitching for Dayton Dragons : LHP Tim Ketcham
|
|
Now at 1B: Andrew Hamm
|
|
|
Batting: RHB Eddie McCoy
|
0-0: Ball 1-0: Ball 2-0: Called Strike 2-1: Foul Ball, location: 2F 2-2: Strikes out swinging
|
|
Batting: RHB Dave Bateman
|
0-0: Ground out 1-6-3 (Groundball, 15S, EV 104.4 MPH)
|
|
Batting: RHB Bryant Thies
|
0-0: Ball 1-0: DOUBLE (Flyball, 9LM, EV 106.9 MPH)
|
|
Batting: RHB Tyler Badillo
|
0-0: Ball 1-0: Ball 2-0: Ball 3-0: Called Strike 3-1: Called Strike 3-2: Foul Ball, location: 2F 3-2: Strikes out swinging
|
| Bottom of the 8th over - 0 runs, 1 hit, 0 errors, 1 left on base; Dayton 2 - Wisconsin 3 |
| TOP OF THE 9TH |
|
Dayton Dragons batting - Pitching for Wisconsin Timber Rattlers : RHP Jason Ukena
|
|
Pitching: LHP Paul Schumacher
|
|
|
Batting: RHB Pat Grover
|
0-0: Ball 1-0: Swinging Strike 1-1: Ball 2-1: Foul Ball, location: 2F 2-2: SINGLE (Line Drive, 9LM, EV 106.3 MPH)
|
|
Batting: RHB Jonathan Davis
|
0-0: Ground out 4-3 (Groundball, 4S, EV 67.5 MPH) Pat Grover to second
|
|
Pinch Hitting: RHB Travis Petrick
|
0-0: Called Strike 0-1: Foul Ball, location: 2F 0-2: Foul Ball, location: 2F 0-2: Fly out, F4 (Popup, 3S, EV 81.3 MPH)
|
|
Batting: LHB Leo Gomez
|
0-0: Called Strike 0-1: Fly out, F9 (Flyball, 9LM, EV 102.5 MPH)
|
| Top of the 9th over - 0 runs, 1 hit, 0 errors, 1 left on base; Dayton 2 - Wisconsin 3 |
|